AoeStats
← Spectres

Nomad

510359584Analyzed
2v2 RM · 1d ago on Sep 30, 2026· 26m 6s· 4 players
Game mode
Random Map
Map size
176×176
Population
200
Speed
Normal
Resources
Standard
Victory
Conquest
Starting age
Dark Age
Ending age
Imperial Age
RankedLock teamsTeams togetherTeam positionsShared explorationLock speedFull tech treeHidden civsTurbo modeCheats
Victory
Defeat
🇩🇪 Danes · Germany
1300
+12
🇨🇭 Slavs · Switzerland
1207
+17
🇵🇪 Koreans · Peru
1235
-15
🇩🇰 Maya · Denmark
1197
-14
CL0UD
4:13 Loom
12:48 Feudal Age
14:10 Double-Bit Axe
15:39 Gold Mining
16:25 Fletching
17:18 Fishing Lines
18:23 Stone Mining
22:32 Castle Age
22:34 Padded Archer Armor
23:29 Bodkin Arrow
23:50 Leather Archer Armor
25:21 Ballistics
Rasec
5:54 Loom
13:32 Feudal Age
15:31 Double-Bit Axe
^ScArFaCe^
5:12 Loom
13:09 Feudal Age
14:01 Fishing Lines
15:09 Wheelbarrow
15:46 Man-at-Arms
17:19 Arson
20:28 Castle Age
18:48 Double-Bit Axe
20:59 Gambesons
21:18 Squires
21:20 Scale Mail Armor
21:41 Long Swordsman
23:46 Chain Mail Armor
25:38 Forging
Spectres
5:21 Loom
13:57 Feudal Age
14:23 Double-Bit Axe
17:15 Horse Collar
21:48 Castle Age
20:53 Forging
21:17 Bloodlines
22:49 Gold Mining
25:38 Stone Mining
Connection lost

Rejoining the realm…

Still unreachable

The connection could not be restored.

Session expired

The server has moved on; the page needs a fresh start.